 Dungeon Crawl Stone Soup version 0.30.0-5-g1a98f26d00 (webtiles) character file.

Game seed: 14164095005438678554

12 SnakkuSnakku7 the Firebug (level 2, -1/14 HPs)
             Began as a Vine Stalker Fire Elementalist on May 13, 2023.
             Slain by a hobgoblin (2 damage)
             ... on level 1 of the Dungeon.
             The game lasted 00:00:29 (205 turns).

SnakkuSnakku7 the Firebug (VSFE)                     Turns: 205, Time: 00:00:30

Health: -1/14      AC:  5    Str: 10    XL:     2   Next: 33%
Magic:  0/6        EV: 10    Int: 15    God:
Gold:   0          SH:  0    Dex: 14    Spells: 4/5 levels left

rFire   . .          .
                       - Unarmed
rCold   . . .        (no shield)
rNeg    . . .        f - +0 ring mail
rPois   .            (no helmet)
rElec   .            (no cloak)
rCorr   .            (no gloves)
SInv    .            (no boots)
Will    .....        (no amulet)
Stlth   +            (no ring)
HPRegen 0.22/turn    (no ring)
MPRegen 0.10/turn

%: guardian spirit
@: no status effects
A: fangs 2, magic shield, antimagic bite, no potion heal 2
a: no special abilities


You were on level 1 of the Dungeon.
You visited 1 branch of the dungeon, and saw 1 of its levels.

Inventory:

Armour
 a - a +0 robe
 f - a +0 ring mail (worn)
Scrolls
 c - a scroll of butterflies {unknown}
 d - a scroll of brand weapon {unknown}
 e - a scroll of magic mapping {unknown}
Potions
 b - a potion of magic


   Skills:
 + Level 1.1 Fighting
 - Level 1.5 Dodging
 - Level 2.4 Stealth
 + Level 1.2 Unarmed Combat
 - Level 2.1 Spellcasting
 - Level 1.0 Conjurations
 - Level 3.0 Fire Magic


You had 4 spell levels left.
You knew the following spells:

 Your Spells              Type           Power      Damage    Failure   Level
a - Foxfire               Conj/Fire      28%        2x1d5     26%         1

Your spell library contained the following spells:

 Spells                   Type           Power      Damage    Failure   Level
 Scorch                   Fire           20%        2d5       26%         2
 Inner Flame              Hex/Fire       6%         N/A       67%         3
 Volatile Blastmotes      Fire/Tloc      12%        2d11      67%         3
 Flame Wave               Conj/Fire      7%         2d5       94%         4


Dungeon Overview and Level Annotations

Branches:
Dungeon (1/15)

Altars:


Innate Abilities, Weirdness & Mutations

You have extremely sharp teeth.
When hurt, damage is shared between your health and your magic reserves.
Your bite disrupts and absorbs the magic of your enemies.
Potions cannot restore your health.


Message History

You are too injured to fight recklessly!
The hobgoblin attacks as you move away!
The hobgoblin hits you but does no damage.
The jackal attacks as you move away! The jackal closely misses you.
The rat bites you but does no damage.
Things that are here:
a +0 short sword; a kobold corpse The jackal bites you.
You closely miss the jackal.
The jackal is moderately wounded.
The jackal bites you but does no damage.
The jackal barely misses you.
You hit the jackal.
The jackal is almost dead.
The jackal barely misses you.
You closely miss the jackal. You bite the jackal, but do no damage.
The jackal is almost dead.
The jackal closely misses you. The hobgoblin closely misses you.
The rat twitches its whiskers.
The jackal closely misses you.
You hit the jackal.
You kill the jackal!
The hobgoblin hits you.
You hit the rat. Your bite misses the rat.
The rat is severely wounded.
The hobgoblin hits you. The rat bites you but does no damage.
You hit the hobgoblin but do no damage.
You bite the hobgoblin, but do no damage.
The rat bites you. The hobgoblin hits you.
* * * LOW HITPOINT WARNING * * *
You hit the hobgoblin.
The hobgoblin is heavily wounded.
The rat bites you.
* * * LOW HITPOINT WARNING * * *
The hobgoblin closely misses you.
You barely miss the hobgoblin.
You bite the hobgoblin, but do no damage.
The hobgoblin is heavily wounded.
The rat closely misses you. The hobgoblin hits you.
You die...

.............##########.#
###########....#........#
#.............#
#.............#
#####.........#
##........# #...)....#
#........# #@######.#
#gr### #.# ##...###.#
#####).##†# #....†....#
#.........#


P..PPP.PP♣P. #.........# P...P.P.P..P #.........# ♣P.P.P.P..PP #####.#.#.# You
could see a hobgoblin and a rat.

Vanquished Creatures
  A goblin (D:1)
  A hobgoblin (D:1)
  3 jackals (D:1)
  2 quokkas (D:1)
  A bat (D:1)
  2 kobolds (D:1)
  A rat (D:1)
11 creatures vanquished.

Notes
Turn   | Place    | Note
-------+----------+-------------------------------------------
     0 | D:1      | SnakkuSnakku7 the Vine Stalker Fire Elementalist began the
                  | quest for the Orb.
     0 | D:1      | Reached XP level 1. HP: 9/9 MP: 4/4
   157 | D:1      | Reached skill level 1 in Unarmed Combat
   157 | D:1      | Reached XP level 2. HP: 13/14 MP: 4/6
   174 | D:1      | Reached skill level 1 in Fighting
   205 | D:1      | Slain by a hobgoblin

Illustrated notes

Levels and vault maps discovered:
D:1:      minmay_arrival_arboretum_small, layout_basic

Skill      XL: |  1  2 |
---------------+-------+-----
Unarmed Combat | 1 |  1.2
Fighting       | 1 |  1.1
Dodging        | |  1.5
Stealth        | |  2.4
Spellcasting   | |  2.1
Conjurations   | |  1.0
Fire Magic     | |  3.0

Action                     || total
---------------------------++-------
  Melee: Unarmed           ||    60
         Bite              ||     7
   Stab: Sleeping          ||     1
 Armour: Robe              ||     6
         Ring mail         ||    21
  Dodge: Dodged            ||    52
